 Dungeon Crawl Stone Soup version 0.28-a0-1435-g82390b3a13 (webtiles) character file.

Game seed: 9608321564748443530

467 gimp the Slasher (level 7, -10/44 HPs)
             Began as a Tengu Wanderer on Jan 9, 2022.
             Killed from afar by a steam dragon (17 damage)
             ... with a ball of steam
             ... on level 5 of the Dungeon.
             The game lasted 00:07:35 (4205 turns).

gimp the Slasher (Tengu Wanderer)                   Turns: 4205, Time: 00:07:36

Health: -10/44     AC:  3    Str: 13    XL:     7   Next: 8%
Magic:  8/8        EV: 15    Int: 10    God:
Gold:   242        SH:  0    Dex: 17    Spells: 6/6 levels left

rFire   . . .      SeeInvis .   a - +2 hand crossbow
rCold   . . .      Faith    .   (no shield)
rNeg    . . .      Spirit   .   e - +0 leather armour
rPois   .          Reflect  .   d - +0 hat
rElec   .          Harm     .   (no cloak)
rCorr   .          Rampage  .   (no gloves)
Will    .....                   (boots unavailable)
Stlth   +.........              (no amulet)
HPRegen 0.14/turn               (no ring)
MPRegen 0.11/turn               (no ring)

@: flying quickly and evasively, quick
A: beak, talons 3, nimble flight
a: no special abilities


You were on level 5 of the Dungeon.
You visited 1 branch of the dungeon, and saw 5 of its levels.

You collected 242 gold pieces.

Inventory:

Hand Weapons
 a - a +2 hand crossbow (weapon)
 b - a +0 falchion
Missiles
 c - 12 bolts (quivered ammo)
 s - 17 poisoned darts
Armour
 d - a +0 hat (worn)
 e - a +0 leather armour (worn)
Wands
 m - a wand of iceblast (10)
 p - a wand of digging (2)
 r - a wand of acid (14)
Scrolls
 f - a scroll of fog {unknown}
 g - a scroll of fear {unknown}
 j - 3 scrolls of noise {unknown}
 l - a scroll of amnesia {unknown}
 o - 3 scrolls of identify {unknown}
 q - a scroll of enchant armour {unknown}
 t - a scroll of summoning {unknown}
Potions
 h - 2 potions of flight {unknown}
 i - 2 potions of curing
 k - a potion of might {unknown}
 n - a potion of lignification {unknown}


   Skills:
 - Level 5.0 Fighting
 + Level 6.5 Long Blades
 - Level 2.1 Crossbows
 - Level 1.1 Armour
 - Level 3.2 Dodging


You had 6 spell levels left.
You didn't know any spells.
Your spell library contained the following spells:

 Spells                   Type           Power      Damage    Failure   Level
 Slow                     Hex            0%         N/A       43%         1
 Confusing Touch          Hex            0%         N/A       82%         3
 Frozen Ramparts          Ice            0%         1d2       82%         3
 Vampiric Draining        Necr           0%         2d6       82%         3
 Ice Form                 Ice/Tmut       0%         N/A       99%         4
 Summon Ice Beast         Ice/Summ       0%         N/A       99%         4


Dungeon Overview and Level Annotations

Branches:
Dungeon (5/15)
 Temple: D:4-7

Altars:
Kikubaaqudgha

Shops:
D:4 *[:

Annotations:
D:4 Sigmund
D:5 3 runed translucent doors, AverageBear's ghost, weakling DsDe


Innate Abilities, Weirdness & Mutations

You have a beak for a mouth.
You have claws for feet.
Your magical nature lets you fly swiftly and evasively.


Message History

No target in view!
A gnoll comes into view. It is wielding a +0 spear.
You regained 4 hp, and now have 37/44 hp.
You shoot a bolt. The gnoll shouts!
The bolt hits the gnoll.
The gnoll is heavily wounded.
You shoot a bolt. The bolt hits the gnoll!
You kill the gnoll!
No target in view!
No target in view!
A steam dragon is nearby!
You shoot a bolt. The steam dragon hisses angrily.
The bolt hits the steam dragon but does no damage.
The steam dragon is moderately wounded.
The steam dragon breathes steam at you. The ball of steam hits you!!
You take 20 damage, and have 19/44 hp.
MASSIVE DAMAGE!!
You are too injured to fight recklessly!
A kobold comes into view.
The kobold throws a stone.
The stone closely misses you.
You are too injured to fight recklessly!
Fire: 13 bolts
Press: ? - help, Q - select action, (/) - cycle Shift-Dir - straight line, f/p - steam dragon
Aim: a steam dragon (moderately wounded, 68% to hit)
You shoot a bolt.
The bolt hits the steam dragon but does no damage.
The steam dragon is moderately wounded.
The steam dragon breathes steam at you. The ball of steam hits you!
* * * LOW HITPOINT WARNING * * *
You take 17 damage, and have 2/44 hp.
MASSIVE DAMAGE!!
It was a potion of curing.
You feel better.
You are engulfed in a cloud of scalding steam.
* * * LOW HITPOINT WARNING * * *
You regained 5 hp, and now have 7/44 hp.
The steam dragon breathes steam at you. The ball of steam hits you!
You die...

.................?..§...
.......(....§...(.......
####.#.....#############
####.....()########
.........(.##.(....
######..§.K..(###########
#....§D(...#........
#....§§§)..#........
#......§@.†.........
#......§...#........
#.<...##.#.#.########
#.....##.#..........#
#####.##.#..........#
#.##.#..........#
..##.#..........#
####.#..........#
.#..........#


You could see a steam dragon (catching breath) and a kobold.

Vanquished Creatures
  A black bear (D:4)
  A kobold brigand (D:4)
  An orc priest (D:3)
  Jessica (D:3)
  A scorpion zombie (D:5)
  2 iguanas (D:5)
  An orc wizard (D:3)
  2 gnolls (D:5)
  3 adders
  A white imp (D:4)
  2 dart slugs
  2 worms
  5 orcs
  10 endoplasms
  3 giant cockroaches
  5 goblins
  10 hobgoblins
  4 quokkas
  10 ball pythons
  5 bats
  5 frilled lizards
  10 kobolds
  4 rats
89 creatures vanquished.

Notes
Turn   | Place    | Note
-------+----------+-------------------------------------------
     0 | D:1      | gimp the Tengu Wanderer began the quest for the Orb.
     0 | D:1      | gimp set off with the following items: a +2 hand crossbow,
                  | 28 bolts, a +0 falchion, a +0 hat, a +0 leather armour
     0 | D:1      | Reached XP level 1. HP: 14/14 MP: 2/2
   200 | D:1      | Reached XP level 2. HP: 19/19 MP: 3/3
   365 | D:1      | Reached skill level 2 in Long Blades
   727 | D:1      | Reached XP level 3. HP: 23/23 MP: 4/4
  1297 | D:2      | Reached XP level 4. HP: 29/29 MP: 5/5
  1367 | D:2      | Reached skill level 3 in Long Blades
  1810 | D:3      | Noticed Jessica
  1811 | D:3      | Killed Jessica
  2041 | D:3      | Gained mutation: Your magical nature lets you fly swiftly
                  | and evasively. [Tengu growth]
  2041 | D:3      | Reached XP level 5. HP: 34/34 MP: 6/6
  2053 | D:3      | Reached skill level 4 in Long Blades
  2732 | D:4      | Found Qeykac's Armour Shoppe.
  2733 | D:4      | Found Ukhoh's Book Boutique.
  2750 | D:4      | Found Aqenni's Lightly-Used Armoury.
  2767 | D:4      | Found an ancient bone altar of Kikubaaqudgha.
  2835 | D:4      | Noticed a black bear
  3017 | D:4      | Noticed Sigmund
  3056 | D:4      | Killed a black bear
  3057 | D:4      | Reached skill level 5 in Fighting
  3057 | D:4      | Reached skill level 5 in Long Blades
  3057 | D:4      | Reached XP level 6. HP: 22/40 MP: 7/7
  3992 | D:5      | Entered Level 5 of the Dungeon
  4012 | D:5      | Found a runed translucent gate.
  4012 | D:5      | Found a runed translucent gate.
  4013 | D:5      | Found a runed translucent gate.
  4019 | D:5      | Reached skill level 6 in Long Blades
  4019 | D:5      | Noticed AverageBear's ghost (weakling DsDe)
  4115 | D:5      | Reached XP level 7. HP: 44/44 MP: 8/8
  4126 | D:5      | Noticed a steam dragon
  4202 | D:5      | HP: 2/44 [something/ball of steam (17)]
  4205 | D:5      | Killed from afar by a steam dragon

Illustrated notes

Levels and vault maps discovered:
D:1:      lightli_molten_gateway, layout_loops_corners, amethyst_killhole
D:2:      layout_loops_cross
D:3:      wander_river, layout_loops_ring, uniq_jessica
D:4:      layout_basic, amcnicky_altar_gilded, serial_curves, eino_curves_04,
          eino_curves_04, minmay_shop_damaged, nicolae_wooded_promenade,
          uniq_sigmund
D:5:      minmay_goblin_kobold_castle, layout_basic, gammafunk_ghost_necromancy,
          minmay_small_thing

Skill      XL: |  1  2  3  4  5  6 |
---------------+-------------------+-----
Long Blades    | 2 3 5 6 |  6.5
Fighting       | 4 5 |  5.0
Crossbows      | |  2.1
Armour         | |  1.1
Dodging        | |  3.2

Action                   |  1- 3 |  4- 6 |  7- 9 || total
-------------------------+-------+-------+-------++-------
 Fire: Hand crossbow     |    71 |   107 |    18 ||   196
  Use: Potion            |       |       |     1 ||     1
Armor: Leather armour    |     7 |     3 |       ||    10
Dodge: Dodged            |    12 |    23 |     3 ||    38

Table legend: (Time is in decaauts)
 A = Elapsed time spent in this place.
 B = Non-inter-level travel time spent in this place.
 C = Inter-level travel time spent in this place.
 D = Time resting spent in this place.
 E = Time spent auto-exploring this place.
 F = Levels seen in this place.
 G = Mean time per level.
                   A        B        C        D        E       F      G
               +--------+--------+--------+--------+--------+-----+--------+
         Total |   4171 |   4040 |    131 |      0 |   3407 |   5 |  834.2 |
       Dungeon |   4171 |   4040 |    131 |      0 |   3407 |   5 |  834.2 |
               +--------+--------+--------+--------+--------+-----+--------+

Top non-repeatable levels by time:
     D:4: 1397 daAuts
     D:1: 932 daAuts
     D:2: 815 daAuts
     D:3: 807 daAuts
     D:5: 218 daAuts
